 Dungeon Crawl Stone Soup version 0.23-a0-890-gc183402 (webtiles) character file.

Game seed: 7185363069915399583

136 drasked the Magician (level 4, -6/33 HPs)
             Began as a Mummy Wizard on Jan 28, 2019.
             Mangled by an orc
             ... wielding a +1 morningstar of protection
              (9 damage)
             ... on level 3 of the Dungeon.
             The game lasted 00:09:19 (2539 turns).

drasked the Magician (Mummy Wizard)                 Turns: 2539, Time: 00:09:20

Health: -6/33      AC:  7    Str: 10    XL:     4   Next: 98%
Magic:  9/10       EV: 10    Int: 18    God:
Gold:   139        SH:  0    Dex: 10    Spells: 1/12 levels left

rFire    x . .     SeeInvis .   h - +2 dagger (vamp) {!w}
rCold    + . .     Gourm    .   (no shield)
rNeg     + + +     Faith    .   i - +2 ring mail {rPois}
rPois    ∞         Spirit   .   b - +0 hat
rElec    .         Reflect  .   (no cloak)
rCorr    .         Harm     .   (no gloves)
MR       .....                  (no boots)
Stlth    +.........             (no amulet)
HPRegen  0.11/turn              (no ring)
MPRegen  0.12/turn              (no ring)

@: no status effects
A: no food or potions, fire vulnerability, cold resistance 1, negative energy
resistance 3, torment resistance, unbreathing
a: no special abilities


You were on level 3 of the Dungeon.
You were not hungry.

You visited 1 branch of the dungeon, and saw 3 of its levels.

You collected 139 gold pieces.

Inventory:

Hand Weapons
 h - a +2 vampiric dagger (weapon) {!w}
   (You took it off a goblin on level 1 of the Dungeon)
Armour
 a - a +0 robe
 b - a +0 hat (worn)
 i - a +2 ring mail of poison resistance (worn)
   (You found it on level 2 of the Dungeon)
Jewellery
 f - an uncursed ring of resist corrosion {unknown}
   (You found it on level 3 of the Dungeon)
Scrolls
 c - 2 scrolls of amnesia {unknown}
 d - 2 scrolls of teleportation {unknown}
 e - 3 scrolls of remove curse {unknown}
 g - 3 scrolls of identify {unknown}


   Skills:
 + Level 2.1 Fighting
 - Level 1.5 Dodging
 - Level 1.5 Stealth
 + Level 4.9 Spellcasting
 * Level 2.8 Conjurations
 - Level 0.7 Summonings
 - Level 0.7 Translocations


You had one spell level left.
You knew the following spells:

 Your Spells              Type           Power        Failure   Level  Hunger
a - Magic Dart            Conj           ##..         11%         1    N/A
b - Blink                 Tloc           N/A          36%         2    N/A
c - Call Imp              Summ           #.......     36%         2    N/A
d - Conjure Flame         Conj/Fire      #.......     52%         3    N/A
x - Mephitic Cloud        Conj/Pois/Air  #.......     56%         3    N/A

Your spell library contained the following spells:

 Spells                   Type           Power        Failure   Level  Hunger
 Slow                     Hex            #.......     47%         2    N/A

Dungeon Overview and Level Annotations

Branches:
Dungeon (3/15)

Altars:
Nemelex Xobeh


Innate Abilities, Weirdness & Mutations

You do not eat or drink.
Your flesh is vulnerable to fire.
You are immune to poison.
Your flesh is cold resistant. (rC+)
You are immune to negative energy. (rN+++)
You are immune to unholy pain and torment.
You can survive without breathing.


Message History

You hit the kobold.
You feel better.
You kill the kobold!
Health restored: 33 No target in view!
No target in view!
You now have 127 gold pieces (gained 5).
Things that are here:
a +0 short sword; a kobold corpse
There is an open door here.
You see here a dagger.
There is an open door here.
There is a stone staircase leading up here.
There is an open door here.
A frilled lizard comes into view.
A frilled lizard is nearby!
A frilled lizard is nearby!
A frilled lizard is nearby!
You closely miss the frilled lizard.
The frilled lizard bites you but does no damage.
You barely miss the frilled lizard. The frilled lizard bites you.
You take 1 damage, and have 32/33 hp.
You hit the frilled lizard.
You feel better.
The frilled lizard bites you but does no damage.
Health restored: 33 You hit the frilled lizard.
You kill the frilled lizard!
No target in view!
No target in view!
f - a brass ring
Things that are here:
a leather armour; a frilled lizard corpse You now have 139 gold pieces (gained 12).
As you open the door, it creaks loudly!
There is an open door here.
g - 2 scrolls labeled AHYIDGHYANU (gained 1)
g - 3 scrolls labeled AHYIDGHYANU (gained 1)
You see here a robe.
You see here a whip. 2 orcs and an orc priest come into view.
An orc is wielding a +1 morningstar of protection.
The orc shouts! x2
Found a stone staircase leading up.
There are monsters nearby!
There are monsters nearby!
There are monsters nearby!
The orc hits you with a +0 dagger.
You take 3 damage, and have 30/33 hp.
You barely miss the orc. The orc hits you but does no damage.
You hit the orc but do no damage.
The orc priest calls down the wrath of Beogh upon you.
Beogh smites you! The orc hits you with a +0 dagger.
You take 12 damage, and have 18/33 hp.
MASSIVE DAMAGE!!
You barely miss the orc. The orc barely misses you.
You hit the orc.
You feel better. The orc hits you with a +0 dagger.
You take 4 damage, and have 15/33 hp.
You hit the orc.
You feel better.
You kill the orc!
You regained 3 hp, and now have 18/33 hp.
The orc priest hits you but does no damage.
The orc barely misses you.
Things that are here:
a +0 dagger; an orc corpse You hit the orc priest.
You feel better.
The orc priest hits you but does no damage.
You hit the orc priest.
The orc complains repeatedly.
The orc barely misses you.
The orc priest looks encouraged for a moment.
You closely miss the orc priest. The orc priest closely misses you.
The orc hits you but does no damage.
You hit the orc priest.
You feel better. The orc priest completely misses you.
The orc hits you with a +1 morningstar of protection.
You hit the orc priest. The orc priest hits you. The orc barely misses you.
You take 2 damage, and have 17/33 hp.
You hit the orc priest. The orc priest hits you. The orc barely misses you.
You take 3 damage, and have 14/33 hp.
You hit the orc priest but do no damage.
The orc priest hits you but does no damage.
You hit the orc priest.
You feel better.
The orc hits you with a +1 morningstar of protection.
The orc priest hits you.
* * * LOW HITPOINT WARNING * * *
You take 5 damage, and have 9/33 hp.
You hit the orc priest.
You feel better.
The orc priest hits you but does no damage.
The orc hits you with a +1 morningstar of protection.
* * * LOW HITPOINT WARNING * * *
You take 1 damage, and have 8/33 hp.
Aim: an orc priest (almost dead)
The magic dart hits the orc priest.
You kill the orc priest!
Your Fighting skill increases to level 2!
The orc hits you with a +1 morningstar of protection.
* * * LOW HITPOINT WARNING * * *
You take 5 damage, and have 3/33 hp.
You now have 9/10 mp.
You hit the orc but do no damage. The orc hits you but does no damage.
You hit the orc but do no damage.
The orc hits you with a +1 morningstar of protection!
You die...

#.# ..#.#.............# #.#
#.#)############### #.# #.#.#
#.# .<#.#############
#.############.#.#...........#
#.#..........#.#.#...........###
#.#.########.#.#.#..............
#.#.##.....#.#o#.#............##
#)#.##.###.#.#.@.#............#
#.#.#....#.#.#####........<...#
#.#.#..#.#.#.# #............#
#.#.#..#.#.#.# #............#
#.#.#..#.#.#[#####............#
#(#.#............'............#
#.#.######.#+#####............#
#.#.......).............#####.#
#.#########.............# #.#


You could see an orc.

Vanquished Creatures
  An orc priest (D:3)
  3 adders (D:3)
  An ooze (D:2)
  2 dart slugs
  2 leopard geckos (D:3)
  3 orcs
  A ball python (D:3)
  3 giant cockroaches (D:3)
  8 goblins
  3 hobgoblins
  2 jackals (D:2)
  8 bats
  4 frilled lizards
  6 kobolds
  6 rats
53 creatures vanquished.

Vanquished Creatures (collateral kills)
  An adder (D:2)
  A dart slug (D:2)
  A giant cockroach (D:2)
  A goblin (D:2)
  A hobgoblin (D:2)
  2 jackals (D:2)
  A bat (D:3)
  A kobold (D:2)
9 creatures vanquished.

Grand Total: 62 creatures vanquished

Notes
Turn   | Place    | Note
-------+----------+-------------------------------------------
     0 | D:1      | drasked the Mummy Wizard began the quest for the Orb.
     0 | D:1      | Reached XP level 1. HP: 13/13 MP: 5/5
   153 | D:1      | Reached skill level 1 in Conjurations
   543 | D:1      | Reached XP level 2. HP: 20/20 MP: 4/7
   547 | D:1      | Learned a level 2 spell: Call Imp
   550 | D:1      | Learned a level 2 spell: Blink
   836 | D:2      | Reached skill level 1 in Fighting
   984 | D:2      | Reached XP level 3. HP: 26/26 MP: 5/8
  1461 | D:2      | Reached skill level 2 in Conjurations
  1481 | D:2      | Found a sparkling altar of Nemelex Xobeh.
  1545 | D:2      | Learned a level 3 spell: Mephitic Cloud
  1584 | D:3      | Found a faded altar of an unknown god.
  1805 | D:3      | Reached XP level 4. HP: 32/32 MP: 5/10
  1812 | D:3      | Learned a level 3 spell: Conjure Flame
  2536 | D:3      | HP: 8/33 [orc/+1 morningstar of protection (2)]
  2537 | D:3      | Reached skill level 2 in Fighting
  2537 | D:3      | HP: 3/33 [orc/+1 morningstar of protection (5)]
  2539 | D:3      | Mangled by an orc

Vault maps used:
D:1:      minmay_arrival_four_circles
D:2:      nemelex_dance_club_becter
D:3:      chequers_ecumenical_altar_simple_redux

Skill      XL: |  1  2  3  4 |
---------------+-------------+-----
Conjurations   | 1 2 |  2.8
Fighting       | 1 2 |  2.1
Dodging        | |  1.5
Stealth        | |  1.5
Spellcasting   | |  4.9
Summonings     | |  0.7
Translocations | |  0.7

Action                   |  1- 3 |  4- 6 || total
-------------------------+-------+-------++-------
Melee: Dagger            |   129 |    92 ||   221
 Cast: Magic Dart        |    26 |     1 ||    27
       Call Imp          |    11 |       ||    11
Armor: Robe              |    11 |       ||    11
       Ring mail         |    38 |    61 ||    99
Dodge: Dodged            |    92 |    43 ||   135

Table legend:
 A = Non-vault XP
 B = Vault XP
 C = Vault XP percentage of total XP
 D = Non-vault monster count
 E = Vault monster count
 F = Vault count percentage of total count
                 A         B        C        D         E       F
            +---------+---------+-------+---------+---------+-------
      Total |     184 |      11 |   5.6 |      60 |       2 |   3.2
            +---------+---------+-------+---------+---------+-------
        D:1 |      18 |       0 |   0.0 |      13 |       0 |   0.0
        D:2 |      32 |      11 |  25.6 |      15 |       2 |  11.8
        D:3 |     134 |       0 |   0.0 |      32 |       0 |   0.0
            +---------+---------+-------+---------+---------+-------

Vault maps used:
D:1:      minmay_arrival_four_circles
D:2:      nemelex_dance_club_becter
D:3:      chequers_ecumenical_altar_simple_redux

Table legend:
 A = Turns spent in this place as a percentage of turns spent in the entire game.
 B = Non-inter-level travel turns spent in this place as a percentage of non-inter-level travel turns spent in the entire game.
 C = Inter-level travel turns spent in this place as a percentage of turns spent in this place.
 D = Turns resting spent in this place as a percentage of non-inter-level travel turns spent in this place.
 E = Turns spent auto-exploring this place as a percentage of non-inter-level travel turns spent in this place.
 F = Non-inter-level travel turns spent in this place divided by the number of levels of this place that you've seen.
                   A       B       C       D       E      F
               +-------+-------+-------+-------+-------+----------------------
         Total | 100.0 | 100.0 |   2.7 |  32.9 |  43.7 | 823.7
       Dungeon | 100.0 | 100.0 |   2.7 |  32.9 |  43.7 | 823.7
               +-------+-------+-------+-------+-------+----------------------

Table legend:
 A = Kills in this place as a percentage of kills in entire the game.
 B = Kills by you in this place as a percentage of kills by you in the entire game.
 C = Kills by friends in this place as a percentage of kills by friends in the entire game.
 D = Other kills in this place as a percentage of other kills in the entire game.
 E = Experience gained in this place as a percentage of experience gained in the entire game.
 F = Experience gained in this place divided by the number of levels of this place that you have seen.
                   A       B       C       D       E      F
               +-------+-------+-------+-------+-------+----------------------
         Total | 100.0 | 100.0 | 100.0 |   N/A | 100.0 |  65.0
       Dungeon | 100.0 | 100.0 | 100.0 |   N/A | 100.0 |  65.0
               +-------+-------+-------+-------+-------+----------------------
